 Dungeon Crawl Stone Soup version 0.32-a0-30-gefbe487952 (webtiles) character file.

Game seed: 14403747276893663702

156 Implojin the Cutter (level 5, -1/41 HPs)
             Began as a Human Gladiator on Jan 19, 2024.
             Was an Initiate of Hepliaklqana.
             Slain by an orc warrior
             ... wielding a +0 battleaxe
              (6 damage)
             ... on level 4 of the Dungeon.
             The game lasted 00:05:15 (2963 turns).

Implojin the Cutter (Human Gladiator)               Turns: 2963, Time: 00:05:16

Health: -1/41      AC:  8    Str: 14    XL:     5   Next: 37%
Magic:  5/5        EV: 12    Int:  8    God:    Hepliaklqana [......]
Gold:   182        SH:  0    Dex: 17    Spells: 4/4 levels left

rFire   . . .        a - +0 rapier
rCold   . . .        (no shield)
rNeg    . . .        m - +0 leather armour {rPois}
rPois   +            c - +0 helmet
rElec   +            (no cloak)
rCorr   .            (no gloves)
SInv    .            (no boots)
Will    +....        (no amulet)
Stlth   ++           l - +4 ring of protection
HPRegen 1.06/turn    (no ring)
MPRegen 0.09/turn

%: no passive effects
@: mighty, enlightened, flying
A: explore regen, regeneration 1, electricity resistance, MP-powered wands
a: Renounce Religion


You were on level 4 of the Dungeon.
You worshipped Hepliaklqana.
Hepliaklqana was noncommittal.
You visited 2 branches of the dungeon, and saw 5 of its levels.

You collected 182 gold pieces.

Inventory:

Hand Weapons
 a - a +0 rapier (weapon)
Missiles
 d - 2 throwing nets
 j - 4 boomerangs
 r - 2 poisoned darts (quivered)
Armour
 c - a +0 helmet (worn)
 m - a +0 leather armour of poison resistance (worn)
Jewellery
 l - a +4 ring of protection (left hand)
Wands
 s - a wand of roots (1)
Scrolls
 f - a scroll of immolation {unknown}
 h - a scroll of fog {unknown}
 i - a scroll of revelation {unknown}
 n - a scroll of poison {unknown}
 p - 2 scrolls of amnesia
 t - a scroll of enchant weapon {unknown}
 v - a scroll of torment {unknown}
Potions
 b - 2 potions of brilliance
 k - a potion of might
 u - a potion of resistance {unknown}


   Skills:
 - Level 3.0 Fighting
 - Level 4.0 Short Blades
 * Level 2.8 Throwing
 - Level 3.0 Dodging
 - Level 3.0 Stealth


You had 4 spell levels left.
You didn't know any spells.
Your spell library was empty.

Dungeon Overview and Level Annotations

Branches:
Dungeon (4/15)             Temple (1/1) D:4

Altars:
Cheibriados
Dithmenos
Elyvilon
Fedhas
Gozag
Hepliaklqana
Makhleb
Nemelex Xobeh
Okawaru
Qazlal
Sif Muna
Trog
Uskayaw
Vehumet
Wu Jian

Shops:
D:4 (

Annotations:
D:3 exclusion: orc


Innate Abilities, Weirdness & Mutations

You regain HP and MP as you explore.
Your natural rate of healing is unusually fast.
You are resistant to electric shocks. (rElec)
You expend magic power (3 MP) to strengthen your wands.


Message History

The javelin pierces through the orc wizard!
The orc wizard is severely wounded.
Unknown command.
Aiming: Fastroot
Press: ? - help, Shift-Dir - straight line, f/p - orc wizard
Aim: an orc wizard, wielding a +0 dagger and wearing a +0 robe (severely wounded)
The roots erupt in riotous growth!
Roots grab the orc warrior.
The grasping roots constrict the orc warrior.
The orc warrior struggles to escape constriction.
The grasping roots constrict the orc warrior.
The roots release their grip on the orc warrior.
The orc wizard points at you and mumbles some strange words.
You are confused.
Okay, then.
You are too confused!
Unknown command.
You are too confused!
Unknown command.
You feel very mighty all of a sudden.
The orc warrior hits you with a +0 battleaxe!
Danger: Low HP Warning |T2| Reason: 58% HP (24/41) Unknown command.
You bump into the rock wall.
The orc warrior hits you with a +0 battleaxe!!
Ouch! That really hurt!
The orc wizard hits you but does no damage.
Danger: Low HP Warning |T3| Reason: 9% HP (4/41)
You are too confused!
It was a potion of enlightenment.
You feel very buoyant.
You fly up into the air.
The orc warrior barely misses you. The orc wizard closely misses you.
It was a potion of mutation.
You feel extremely strange.
You begin to heal more quickly.
You feel your magical essence link to the dungeon's wands.
You feel insulated.
You feel less confused.
The orc warrior hits you with a +0 battleaxe.
You die...

... #[## ... #.# #.#####
......# ######## #.###.#
#......# ..###.####
######.####.# ##.......#
#..@##.####.# ##.##.##.#
#.oo.....##.#
##.##.##(#####...##......#
......##((....<.###)#.##.#
##.############## #..<...#
#...## #.#.##.# .....#
#.#.##.# #...## #######
#.#.##.# #...#### #.....#
#......#


You could see an orc warrior (poisoned) and an orc wizard.

Vanquished Creatures
  An orc wizard (D:4)
  Robin (D:1)
  5 adders
  3 ribbon worms
  3 dart slugs
  2 orcs
  3 endoplasms
  A giant cockroach (D:2)
  10 goblins
  7 hobgoblins
  3 quokkas
  5 ball pythons
  5 bats
  2 frilled lizards (D:2)
  5 kobolds
  8 rats
64 creatures vanquished.

Notes
Turn   | Place    | Note
-------+----------+-------------------------------------------
     0 | D:1      | Implojin the Human Gladiator began the quest for the Orb.
     0 | D:1      | Reached XP level 1. HP: 16/16 MP: 1/1
    72 | D:1      | Reached skill level 1 in Stealth
   294 | D:1      | Reached XP level 2. HP: 15/22 MP: 2/2
   754 | D:1      | Reached XP level 3. HP: 27/27 MP: 3/3
  1032 | D:2      | You fall into a shaft and drop 1 floor!
  1324 | D:2      | Noticed Robin
  1358 | D:1      | Killed Robin
  1359 | D:1      | Reached XP level 4. HP: 25/33 MP: 4/4
  1400 | D:2      | Reached skill level 4 in Short Blades
  2574 | D:3      | Reached XP level 5. HP: 41/41 MP: 5/5
  2742 | D:4      | Found a staircase to the Ecumenical Temple.
  2752 | Temple   | Entered the Ecumenical Temple
  2764 | Temple   | Became a worshipper of Hepliaklqana the Forgotten
  2783 | D:4      | Found Murgh's Antique Weapon Emporium.
  2929 | D:4      | Noticed an orc warrior
  2963 | D:4      | Gained mutation: Your natural rate of healing is unusually
                  | fast. [potion of mutation]
  2963 | D:4      | Gained mutation: You expend magic power (3 MP) to
                  | strengthen your wands. [potion of mutation]
  2963 | D:4      | Gained mutation: You are resistant to electric shocks.
                  | (rElec) [potion of mutation]
  2963 | D:4      | Slain by an orc warrior

Illustrated notes

Levels and vault maps discovered:
D:1:      mrwooster_arrival_arrow, layout_basic
D:2:      layout_basic, serial_bayou_crossing, uniq_robin
D:3:      layout_loops_ring, kennysheep_generic_room_4
D:4:      layout_loops_cross, chequers_temple_overflow_statue_of_worship,
          minmay_temple_entry_mini_moons, serial_shops, shop, uniq_menkaure,
          uniq_edmund
Temple:   hellmonk_temple_of_storms

Skill      XL: |  1  2  3  4 |
---------------+-------------+-----
Stealth        | 1 2 3 |  3.0
Short Blades   | 4 |  4.0
Fighting       | 3 |  3.0
Throwing       | |  2.8
Dodging        | |  3.0

Action                     |  1- 3 |  4- 6 || total
---------------------------+-------+-------++-------
  Melee: Rapier            |   108 |   108 ||   216
         Punch             |     3 |       ||     3
  Throw: Boomerang         |     2 |     1 ||     3
         Throwing net      |     2 |       ||     2
         Javelin           |     1 |     1 ||     2
         Dart              |       |     3 ||     3
  Evoke: Wand              |       |     2 ||     2
    Use: Scroll            |       |     3 ||     3
         Potion            |       |     3 ||     3
   Stab: Sleeping          |     7 |     3 ||    10
         Held in net/web   |     1 |       ||     1
 Armour: Leather armour    |    46 |    45 ||    91
  Dodge: Dodged            |    80 |    54 ||   134

Table legend: (Time is in decaauts)
 A = Elapsed time spent in this place.
 B = Non-inter-level travel time spent in this place.
 C = Inter-level travel time spent in this place.
 D = Time resting spent in this place.
 E = Time spent auto-exploring this place.
 F = Levels seen in this place.
 G = Mean time per level.
                   A        B        C        D        E       F      G
               +--------+--------+--------+--------+--------+-----+--------+
         Total |   2974 |   2886 |     88 |      0 |   2006 |   5 |  594.8 |
       Dungeon |   2952 |   2872 |     80 |      0 |   2006 |   4 |  738.0 |
        Temple |     21 |     13 |      8 |      0 |      0 |   1 |   21.0 |
               +--------+--------+--------+--------+--------+-----+--------+

Top non-repeatable levels by time:
     D:1: 1033 daAuts
     D:3: 989 daAuts
     D:2: 600 daAuts
     D:4: 329 daAuts
  Temple: 21 daAuts
